Workbook

Sheet Planned
A1: Monthly Budget Planner — Planned
A2: Type your planned amounts for each month into the yellow cells; grey and green rows calculate themselves. The sample numbers are for a household with 3,200 net income a month. Overwrite them.
A3: Item | B3: Jan | C3: Feb | D3: Mar | E3: Apr | F3: May | G3: Jun | H3: Jul | I3: Aug | J3: Sep | K3: Oct | L3: Nov | M3: Dec | N3: Year total | O3: Monthly average
A4: INCOME
A5: Salary (net) | B5: 3200 | C5: 3200 | D5: 3200 | E5: 3200 | F5: 3200 | G5: 3200 | H5: 3200 | I5: 3200 | J5: 3200 | K5: 3200 | L5: 3200 | M5: 3200 | N5: =SUM(B5:M5) -> 38400 | O5: =IF(COUNT(B5:M5)=0,"",AVERAGE(B5:M5)) -> 3200
A6: Side income | B6: 0 | C6: 0 | D6: 0 | E6: 0 | F6: 0 | G6: 0 | H6: 0 | I6: 0 | J6: 0 | K6: 0 | L6: 0 | M6: 0 | N6: =SUM(B6:M6) -> 0 | O6: =IF(COUNT(B6:M6)=0,"",AVERAGE(B6:M6)) -> 0
A7: Other income | B7: 0 | C7: 0 | D7: 0 | E7: 0 | F7: 0 | G7: 0 | H7: 0 | I7: 0 | J7: 0 | K7: 0 | L7: 0 | M7: 0 | N7: =SUM(B7:M7) -> 0 | O7: =IF(COUNT(B7:M7)=0,"",AVERAGE(B7:M7)) -> 0
A8: Total income | B8: =IF(COUNT(B5:B7,B11:B24)=0,"",SUM(B5:B7)) -> 3200 | C8: =IF(COUNT(C5:C7,C11:C24)=0,"",SUM(C5:C7)) -> 3200 | D8: =IF(COUNT(D5:D7,D11:D24)=0,"",SUM(D5:D7)) -> 3200 | E8: =IF(COUNT(E5:E7,E11:E24)=0,"",SUM(E5:E7)) -> 3200 | F8: =IF(COUNT(F5:F7,F11:F24)=0,"",SUM(F5:F7)) -> 3200 | G8: =IF(COUNT(G5:G7,G11:G24)=0,"",SUM(G5:G7)) -> 3200 | H8: =IF(COUNT(H5:H7,H11:H24)=0,"",SUM(H5:H7)) -> 3200 | I8: =IF(COUNT(I5:I7,I11:I24)=0,"",SUM(I5:I7)) -> 3200 | ... M8: =IF(COUNT(M5:M7,M11:M24)=0,"",SUM(M5:M7)) -> 3200 | N8: =SUM(B8:M8) -> 38400 | O8: =IF(COUNT(B8:M8)=0,"",AVERAGE(B8:M8)) -> 3200
A10: EXPENSES
A11: Rent / mortgage | B11: 1100 | C11: 1100 | D11: 1100 | E11: 1100 | F11: 1100 | G11: 1100 | H11: 1100 | I11: 1100 | J11: 1100 | K11: 1100 | L11: 1100 | M11: 1100 | N11: =SUM(B11:M11) -> 13200 | O11: =IF(COUNT(B11:M11)=0,"",AVERAGE(B11:M11)) -> 1100
A12: Utilities (energy, water) | B12: 210 | C12: 200 | D12: 175 | E12: 140 | F12: 115 | G12: 100 | H12: 100 | I12: 100 | J12: 110 | K12: 140 | L12: 180 | M12: 205 | N12: =SUM(B12:M12) -> 1775 | O12: =IF(COUNT(B12:M12)=0,"",AVERAGE(B12:M12)) -> 147.91667
A13: Internet & phone | B13: 75 | C13: 75 | D13: 75 | E13: 75 | F13: 75 | G13: 75 | H13: 75 | I13: 75 | J13: 75 | K13: 75 | L13: 75 | M13: 75 | N13: =SUM(B13:M13) -> 900 | O13: =IF(COUNT(B13:M13)=0,"",AVERAGE(B13:M13)) -> 75
A14: Groceries | B14: 450 | C14: 450 | D14: 450 | E14: 450 | F14: 450 | G14: 450 | H14: 450 | I14: 450 | J14: 450 | K14: 450 | L14: 450 | M14: 450 | N14: =SUM(B14:M14) -> 5400 | O14: =IF(COUNT(B14:M14)=0,"",AVERAGE(B14:M14)) -> 450
A15: Transport | B15: 240 | C15: 240 | D15: 240 | E15: 240 | F15: 240 | G15: 240 | H15: 240 | I15: 240 | J15: 240 | K15: 240 | L15: 240 | M15: 240 | N15: =SUM(B15:M15) -> 2880 | O15: =IF(COUNT(B15:M15)=0,"",AVERAGE(B15:M15)) -> 240
A16: Insurance | B16: 90 | C16: 90 | D16: 90 | E16: 90 | F16: 90 | G16: 90 | H16: 90 | I16: 90 | J16: 90 | K16: 90 | L16: 90 | M16: 90 | N16: =SUM(B16:M16) -> 1080 | O16: =IF(COUNT(B16:M16)=0,"",AVERAGE(B16:M16)) -> 90
A17: Health | B17: 40 | C17: 40 | D17: 40 | E17: 40 | F17: 40 | G17: 40 | H17: 40 | I17: 40 | J17: 40 | K17: 40 | L17: 40 | M17: 40 | N17: =SUM(B17:M17) -> 480 | O17: =IF(COUNT(B17:M17)=0,"",AVERAGE(B17:M17)) -> 40
A18: Clothing | B18: 60 | C18: 60 | D18: 60 | E18: 60 | F18: 60 | G18: 60 | H18: 60 | I18: 60 | J18: 120 | K18: 60 | L18: 60 | M18: 60 | N18: =SUM(B18:M18) -> 780 | O18: =IF(COUNT(B18:M18)=0,"",AVERAGE(B18:M18)) -> 65
A19: Eating out & fun | B19: 160 | C19: 160 | D19: 160 | E19: 160 | F19: 160 | G19: 160 | H19: 160 | I19: 160 | J19: 160 | K19: 160 | L19: 160 | M19: 160 | N19: =SUM(B19:M19) -> 1920 | O19: =IF(COUNT(B19:M19)=0,"",AVERAGE(B19:M19)) -> 160
A20: Holidays & gifts | B20: 25 | C20: 25 | D20: 25 | E20: 25 | F20: 25 | G20: 25 | H20: 300 | I20: 25 | J20: 25 | K20: 25 | L20: 25 | M20: 280 | N20: =SUM(B20:M20) -> 830 | O20: =IF(COUNT(B20:M20)=0,"",AVERAGE(B20:M20)) -> 69.166667
A21: Subscriptions | B21: 40 | C21: 40 | D21: 40 | E21: 40 | F21: 40 | G21: 40 | H21: 40 | I21: 40 | J21: 40 | K21: 40 | L21: 40 | M21: 40 | N21: =SUM(B21:M21) -> 480 | O21: =IF(COUNT(B21:M21)=0,"",AVERAGE(B21:M21)) -> 40
A22: Debt payments | B22: 200 | C22: 200 | D22: 200 | E22: 200 | F22: 200 | G22: 200 | H22: 200 | I22: 200 | J22: 200 | K22: 200 | L22: 200 | M22: 200 | N22: =SUM(B22:M22) -> 2400 | O22: =IF(COUNT(B22:M22)=0,"",AVERAGE(B22:M22)) -> 200
... A24: Other | B24: 60 | C24: 60 | D24: 60 | E24: 60 | F24: 60 | G24: 60 | H24: 60 | I24: 60 | J24: 60 | K24: 60 | L24: 60 | M24: 60 | N24: =SUM(B24:M24) -> 720 | O24: =IF(COUNT(B24:M24)=0,"",AVERAGE(B24:M24)) -> 60
A25: Total expenses | B25: =IF(COUNT(B5:B7,B11:B24)=0,"",SUM(B11:B24)) -> 3050 | C25: =IF(COUNT(C5:C7,C11:C24)=0,"",SUM(C11:C24)) -> 3040 | D25: =IF(COUNT(D5:D7,D11:D24)=0,"",SUM(D11:D24)) -> 3015 | E25: =IF(COUNT(E5:E7,E11:E24)=0,"",SUM(E11:E24)) -> 2980 | F25: =IF(COUNT(F5:F7,F11:F24)=0,"",SUM(F11:F24)) -> 2955 | G25: =IF(COUNT(G5:G7,G11:G24)=0,"",SUM(G11:G24)) -> 2940 | H25: =IF(COUNT(H5:H7,H11:H24)=0,"",SUM(H11:H24)) -> 3065 | I25: =IF(COUNT(I5:I7,I11:I24)=0,"",SUM(I11:I24)) -> 2940 | ... M25: =IF(COUNT(M5:M7,M11:M24)=0,"",SUM(M11:M24)) -> 3150 | N25: =SUM(B25:M25) -> 36145 | O25: =IF(COUNT(B25:M25)=0,"",AVERAGE(B25:M25)) -> 3012.0833
A27: Remaining (income − expenses) | B27: =IF(B8="","",B8-B25) -> 150 | C27: =IF(C8="","",C8-C25) -> 160 | D27: =IF(D8="","",D8-D25) -> 185 | E27: =IF(E8="","",E8-E25) -> 220 | F27: =IF(F8="","",F8-F25) -> 245 | G27: =IF(G8="","",G8-G25) -> 260 | H27: =IF(H8="","",H8-H25) -> 135 | I27: =IF(I8="","",I8-I25) -> 260 | ... M27: =IF(M8="","",M8-M25) -> 50 | N27: =SUM(B27:M27) -> 2255 | O27: =IF(COUNT(B27:M27)=0,"",AVERAGE(B27:M27)) -> 187.91667
A28: Saved (savings + remaining) | B28: =IF(B8="","",B23+B27) -> 450 | C28: =IF(C8="","",C23+C27) -> 460 | D28: =IF(D8="","",D23+D27) -> 485 | E28: =IF(E8="","",E23+E27) -> 520 | F28: =IF(F8="","",F23+F27) -> 545 | G28: =IF(G8="","",G23+G27) -> 560 | H28: =IF(H8="","",H23+H27) -> 285 | I28: =IF(I8="","",I23+I27) -> 560 | ... M28: =IF(M8="","",M23+M27) -> 200 | N28: =SUM(B28:M28) -> 5555 | O28: =IF(COUNT(B28:M28)=0,"",AVERAGE(B28:M28)) -> 462.91667
A29: Savings rate | B29: =IF(N(B8)=0,"",B28/B8) -> 0.140625 | C29: =IF(N(C8)=0,"",C28/C8) -> 0.14375 | D29: =IF(N(D8)=0,"",D28/D8) -> 0.1515625 | E29: =IF(N(E8)=0,"",E28/E8) -> 0.1625 | F29: =IF(N(F8)=0,"",F28/F8) -> 0.1703125 | G29: =IF(N(G8)=0,"",G28/G8) -> 0.175 | H29: =IF(N(H8)=0,"",H28/H8) -> 0.0890625 | I29: =IF(N(I8)=0,"",I28/I8) -> 0.175 | ... O29: =IF(N(O8)=0,"",O28/O8) -> 0.14466146

Sheet Actual
A1: Monthly Budget Planner — Actual
A2: At the end of each month, type what you really earned and spent. Empty months are left out of totals, averages and the Difference sheet. The sample has January to March filled in.
A3: Item | B3: Jan | C3: Feb | D3: Mar | E3: Apr | F3: May | G3: Jun | H3: Jul | I3: Aug | J3: Sep | K3: Oct | L3: Nov | M3: Dec | N3: Year total | O3: Monthly average
A4: INCOME
A5: ='Planned'!A5 -> Salary (net) | B5: 3200 | C5: 3200 | D5: 3200 | N5: =SUM(B5:M5) -> 9600 | O5: =IF(COUNT(B5:M5)=0,"",AVERAGE(B5:M5)) -> 3200
A6: ='Planned'!A6 -> Side income | B6: 0 | C6: 350 | D6: 0 | N6: =SUM(B6:M6) -> 350 | O6: =IF(COUNT(B6:M6)=0,"",AVERAGE(B6:M6)) -> 116.66667
A7: ='Planned'!A7 -> Other income | B7: 0 | C7: 0 | D7: 0 | N7: =SUM(B7:M7) -> 0 | O7: =IF(COUNT(B7:M7)=0,"",AVERAGE(B7:M7)) -> 0
A8: Total income | B8: =IF(COUNT(B5:B7,B11:B24)=0,"",SUM(B5:B7)) -> 3200 | C8: =IF(COUNT(C5:C7,C11:C24)=0,"",SUM(C5:C7)) -> 3550 | D8: =IF(COUNT(D5:D7,D11:D24)=0,"",SUM(D5:D7)) -> 3200 | E8: =IF(COUNT(E5:E7,E11:E24)=0,"",SUM(E5:E7)) | F8: =IF(COUNT(F5:F7,F11:F24)=0,"",SUM(F5:F7)) | G8: =IF(COUNT(G5:G7,G11:G24)=0,"",SUM(G5:G7)) | H8: =IF(COUNT(H5:H7,H11:H24)=0,"",SUM(H5:H7)) | I8: =IF(COUNT(I5:I7,I11:I24)=0,"",SUM(I5:I7)) | ... M8: =IF(COUNT(M5:M7,M11:M24)=0,"",SUM(M5:M7)) | N8: =SUM(B8:M8) -> 9950 | O8: =IF(COUNT(B8:M8)=0,"",AVERAGE(B8:M8)) -> 3316.6667
A10: EXPENSES
A11: ='Planned'!A11 -> Rent / mortgage | B11: 1100 | C11: 1100 | D11: 1100 | N11: =SUM(B11:M11) -> 3300 | O11: =IF(COUNT(B11:M11)=0,"",AVERAGE(B11:M11)) -> 1100
A12: ='Planned'!A12 -> Utilities (energy, water) | B12: 246 | C12: 221 | D12: 180 | N12: =SUM(B12:M12) -> 647 | O12: =IF(COUNT(B12:M12)=0,"",AVERAGE(B12:M12)) -> 215.66667
A13: ='Planned'!A13 -> Internet & phone | B13: 75 | C13: 75 | D13: 75 | N13: =SUM(B13:M13) -> 225 | O13: =IF(COUNT(B13:M13)=0,"",AVERAGE(B13:M13)) -> 75
A14: ='Planned'!A14 -> Groceries | B14: 512 | C14: 438 | D14: 466 | N14: =SUM(B14:M14) -> 1416 | O14: =IF(COUNT(B14:M14)=0,"",AVERAGE(B14:M14)) -> 472
A15: ='Planned'!A15 -> Transport | B15: 228 | C15: 251 | D15: 236 | N15: =SUM(B15:M15) -> 715 | O15: =IF(COUNT(B15:M15)=0,"",AVERAGE(B15:M15)) -> 238.33333
A16: ='Planned'!A16 -> Insurance | B16: 90 | C16: 90 | D16: 90 | N16: =SUM(B16:M16) -> 270 | O16: =IF(COUNT(B16:M16)=0,"",AVERAGE(B16:M16)) -> 90
A17: ='Planned'!A17 -> Health | B17: 18 | C17: 95 | D17: 40 | N17: =SUM(B17:M17) -> 153 | O17: =IF(COUNT(B17:M17)=0,"",AVERAGE(B17:M17)) -> 51
A18: ='Planned'!A18 -> Clothing | B18: 134 | C18: 25 | D18: 48 | N18: =SUM(B18:M18) -> 207 | O18: =IF(COUNT(B18:M18)=0,"",AVERAGE(B18:M18)) -> 69
A19: ='Planned'!A19 -> Eating out & fun | B19: 188 | C19: 142 | D19: 171 | N19: =SUM(B19:M19) -> 501 | O19: =IF(COUNT(B19:M19)=0,"",AVERAGE(B19:M19)) -> 167
A20: ='Planned'!A20 -> Holidays & gifts | B20: 0 | C20: 60 | D20: 25 | N20: =SUM(B20:M20) -> 85 | O20: =IF(COUNT(B20:M20)=0,"",AVERAGE(B20:M20)) -> 28.333333
A21: ='Planned'!A21 -> Subscriptions | B21: 40 | C21: 40 | D21: 52 | N21: =SUM(B21:M21) -> 132 | O21: =IF(COUNT(B21:M21)=0,"",AVERAGE(B21:M21)) -> 44
A22: ='Planned'!A22 -> Debt payments | B22: 200 | C22: 200 | D22: 200 | N22: =SUM(B22:M22) -> 600 | O22: =IF(COUNT(B22:M22)=0,"",AVERAGE(B22:M22)) -> 200
... A24: ='Planned'!A24 -> Other | B24: 85 | C24: 40 | D24: 72 | N24: =SUM(B24:M24) -> 197 | O24: =IF(COUNT(B24:M24)=0,"",AVERAGE(B24:M24)) -> 65.666667
A25: Total expenses | B25: =IF(COUNT(B5:B7,B11:B24)=0,"",SUM(B11:B24)) -> 3066 | C25: =IF(COUNT(C5:C7,C11:C24)=0,"",SUM(C11:C24)) -> 3177 | D25: =IF(COUNT(D5:D7,D11:D24)=0,"",SUM(D11:D24)) -> 3055 | E25: =IF(COUNT(E5:E7,E11:E24)=0,"",SUM(E11:E24)) | F25: =IF(COUNT(F5:F7,F11:F24)=0,"",SUM(F11:F24)) | G25: =IF(COUNT(G5:G7,G11:G24)=0,"",SUM(G11:G24)) | H25: =IF(COUNT(H5:H7,H11:H24)=0,"",SUM(H11:H24)) | I25: =IF(COUNT(I5:I7,I11:I24)=0,"",SUM(I11:I24)) | ... M25: =IF(COUNT(M5:M7,M11:M24)=0,"",SUM(M11:M24)) | N25: =SUM(B25:M25) -> 9298 | O25: =IF(COUNT(B25:M25)=0,"",AVERAGE(B25:M25)) -> 3099.3333
A27: Remaining (income − expenses) | B27: =IF(B8="","",B8-B25) -> 134 | C27: =IF(C8="","",C8-C25) -> 373 | D27: =IF(D8="","",D8-D25) -> 145 | E27: =IF(E8="","",E8-E25) | F27: =IF(F8="","",F8-F25) | G27: =IF(G8="","",G8-G25) | H27: =IF(H8="","",H8-H25) | I27: =IF(I8="","",I8-I25) | ... M27: =IF(M8="","",M8-M25) | N27: =SUM(B27:M27) -> 652 | O27: =IF(COUNT(B27:M27)=0,"",AVERAGE(B27:M27)) -> 217.33333
A28: Saved (savings + remaining) | B28: =IF(B8="","",B23+B27) -> 284 | C28: =IF(C8="","",C23+C27) -> 773 | D28: =IF(D8="","",D23+D27) -> 445 | E28: =IF(E8="","",E23+E27) | F28: =IF(F8="","",F23+F27) | G28: =IF(G8="","",G23+G27) | H28: =IF(H8="","",H23+H27) | I28: =IF(I8="","",I23+I27) | ... M28: =IF(M8="","",M23+M27) | N28: =SUM(B28:M28) -> 1502 | O28: =IF(COUNT(B28:M28)=0,"",AVERAGE(B28:M28)) -> 500.66667
A29: Savings rate | B29: =IF(N(B8)=0,"",B28/B8) -> 0.08875 | C29: =IF(N(C8)=0,"",C28/C8) -> 0.21774648 | D29: =IF(N(D8)=0,"",D28/D8) -> 0.1390625 | E29: =IF(N(E8)=0,"",E28/E8) | F29: =IF(N(F8)=0,"",F28/F8) | G29: =IF(N(G8)=0,"",G28/G8) | H29: =IF(N(H8)=0,"",H28/H8) | I29: =IF(N(I8)=0,"",I28/I8) | ... O29: =IF(N(O8)=0,"",O28/O8) -> 0.15095477

Sheet Difference
A1: Planned vs Actual — Difference
A2: Plus (green) = in your favour: more income, less spending or more saved than planned. Minus (red) = you went over plan in that row.
A3: Item | B3: Jan | C3: Feb | D3: Mar | E3: Apr | F3: May | G3: Jun | H3: Jul | I3: Aug | J3: Sep | K3: Oct | L3: Nov | M3: Dec | N3: Year-to-date difference
A4: INCOME
A5: ='Planned'!A5 -> Salary (net) | B5: =IF(COUNT('Actual'!B5)=0,"",'Actual'!B5-'Planned'!B5) -> 0 | C5: =IF(COUNT('Actual'!C5)=0,"",'Actual'!C5-'Planned'!C5) -> 0 | D5: =IF(COUNT('Actual'!D5)=0,"",'Actual'!D5-'Planned'!D5) -> 0 | E5: =IF(COUNT('Actual'!E5)=0,"",'Actual'!E5-'Planned'!E5) | F5: =IF(COUNT('Actual'!F5)=0,"",'Actual'!F5-'Planned'!F5) | G5: =IF(COUNT('Actual'!G5)=0,"",'Actual'!G5-'Planned'!G5) | H5: =IF(COUNT('Actual'!H5)=0,"",'Actual'!H5-'Planned'!H5) | I5: =IF(COUNT('Actual'!I5)=0,"",'Actual'!I5-'Planned'!I5) | ... M5: =IF(COUNT('Actual'!M5)=0,"",'Actual'!M5-'Planned'!M5) | N5: =SUM(B5:M5) -> 0
A6: ='Planned'!A6 -> Side income | B6: =IF(COUNT('Actual'!B6)=0,"",'Actual'!B6-'Planned'!B6) -> 0 | C6: =IF(COUNT('Actual'!C6)=0,"",'Actual'!C6-'Planned'!C6) -> 350 | D6: =IF(COUNT('Actual'!D6)=0,"",'Actual'!D6-'Planned'!D6) -> 0 | E6: =IF(COUNT('Actual'!E6)=0,"",'Actual'!E6-'Planned'!E6) | F6: =IF(COUNT('Actual'!F6)=0,"",'Actual'!F6-'Planned'!F6) | G6: =IF(COUNT('Actual'!G6)=0,"",'Actual'!G6-'Planned'!G6) | H6: =IF(COUNT('Actual'!H6)=0,"",'Actual'!H6-'Planned'!H6) | I6: =IF(COUNT('Actual'!I6)=0,"",'Actual'!I6-'Planned'!I6) | ... M6: =IF(COUNT('Actual'!M6)=0,"",'Actual'!M6-'Planned'!M6) | N6: =SUM(B6:M6) -> 350
A7: ='Planned'!A7 -> Other income | B7: =IF(COUNT('Actual'!B7)=0,"",'Actual'!B7-'Planned'!B7) -> 0 | C7: =IF(COUNT('Actual'!C7)=0,"",'Actual'!C7-'Planned'!C7) -> 0 | D7: =IF(COUNT('Actual'!D7)=0,"",'Actual'!D7-'Planned'!D7) -> 0 | E7: =IF(COUNT('Actual'!E7)=0,"",'Actual'!E7-'Planned'!E7) | F7: =IF(COUNT('Actual'!F7)=0,"",'Actual'!F7-'Planned'!F7) | G7: =IF(COUNT('Actual'!G7)=0,"",'Actual'!G7-'Planned'!G7) | H7: =IF(COUNT('Actual'!H7)=0,"",'Actual'!H7-'Planned'!H7) | I7: =IF(COUNT('Actual'!I7)=0,"",'Actual'!I7-'Planned'!I7) | ... M7: =IF(COUNT('Actual'!M7)=0,"",'Actual'!M7-'Planned'!M7) | N7: =SUM(B7:M7) -> 0
A8: Total income | B8: =IF('Actual'!B8="","",'Actual'!B8-'Planned'!B8) -> 0 | C8: =IF('Actual'!C8="","",'Actual'!C8-'Planned'!C8) -> 350 | D8: =IF('Actual'!D8="","",'Actual'!D8-'Planned'!D8) -> 0 | E8: =IF('Actual'!E8="","",'Actual'!E8-'Planned'!E8) | F8: =IF('Actual'!F8="","",'Actual'!F8-'Planned'!F8) | G8: =IF('Actual'!G8="","",'Actual'!G8-'Planned'!G8) | H8: =IF('Actual'!H8="","",'Actual'!H8-'Planned'!H8) | I8: =IF('Actual'!I8="","",'Actual'!I8-'Planned'!I8) | ... M8: =IF('Actual'!M8="","",'Actual'!M8-'Planned'!M8) | N8: =SUM(B8:M8) -> 350
A10: EXPENSES
A11: ='Planned'!A11 -> Rent / mortgage | B11: =IF(COUNT('Actual'!B11)=0,"",'Planned'!B11-'Actual'!B11) -> 0 | C11: =IF(COUNT('Actual'!C11)=0,"",'Planned'!C11-'Actual'!C11) -> 0 | D11: =IF(COUNT('Actual'!D11)=0,"",'Planned'!D11-'Actual'!D11) -> 0 | E11: =IF(COUNT('Actual'!E11)=0,"",'Planned'!E11-'Actual'!E11) | F11: =IF(COUNT('Actual'!F11)=0,"",'Planned'!F11-'Actual'!F11) | G11: =IF(COUNT('Actual'!G11)=0,"",'Planned'!G11-'Actual'!G11) | H11: =IF(COUNT('Actual'!H11)=0,"",'Planned'!H11-'Actual'!H11) | I11: =IF(COUNT('Actual'!I11)=0,"",'Planned'!I11-'Actual'!I11) | ... M11: =IF(COUNT('Actual'!M11)=0,"",'Planned'!M11-'Actual'!M11) | N11: =SUM(B11:M11) -> 0
A12: ='Planned'!A12 -> Utilities (energy, water) | B12: =IF(COUNT('Actual'!B12)=0,"",'Planned'!B12-'Actual'!B12) -> -36 | C12: =IF(COUNT('Actual'!C12)=0,"",'Planned'!C12-'Actual'!C12) -> -21 | D12: =IF(COUNT('Actual'!D12)=0,"",'Planned'!D12-'Actual'!D12) -> -5 | E12: =IF(COUNT('Actual'!E12)=0,"",'Planned'!E12-'Actual'!E12) | F12: =IF(COUNT('Actual'!F12)=0,"",'Planned'!F12-'Actual'!F12) | G12: =IF(COUNT('Actual'!G12)=0,"",'Planned'!G12-'Actual'!G12) | H12: =IF(COUNT('Actual'!H12)=0,"",'Planned'!H12-'Actual'!H12) | I12: =IF(COUNT('Actual'!I12)=0,"",'Planned'!I12-'Actual'!I12) | ... M12: =IF(COUNT('Actual'!M12)=0,"",'Planned'!M12-'Actual'!M12) | N12: =SUM(B12:M12) -> -62
A13: ='Planned'!A13 -> Internet & phone | B13: =IF(COUNT('Actual'!B13)=0,"",'Planned'!B13-'Actual'!B13) -> 0 | C13: =IF(COUNT('Actual'!C13)=0,"",'Planned'!C13-'Actual'!C13) -> 0 | D13: =IF(COUNT('Actual'!D13)=0,"",'Planned'!D13-'Actual'!D13) -> 0 | E13: =IF(COUNT('Actual'!E13)=0,"",'Planned'!E13-'Actual'!E13) | F13: =IF(COUNT('Actual'!F13)=0,"",'Planned'!F13-'Actual'!F13) | G13: =IF(COUNT('Actual'!G13)=0,"",'Planned'!G13-'Actual'!G13) | H13: =IF(COUNT('Actual'!H13)=0,"",'Planned'!H13-'Actual'!H13) | I13: =IF(COUNT('Actual'!I13)=0,"",'Planned'!I13-'Actual'!I13) | ... M13: =IF(COUNT('Actual'!M13)=0,"",'Planned'!M13-'Actual'!M13) | N13: =SUM(B13:M13) -> 0
A14: ='Planned'!A14 -> Groceries | B14: =IF(COUNT('Actual'!B14)=0,"",'Planned'!B14-'Actual'!B14) -> -62 | C14: =IF(COUNT('Actual'!C14)=0,"",'Planned'!C14-'Actual'!C14) -> 12 | D14: =IF(COUNT('Actual'!D14)=0,"",'Planned'!D14-'Actual'!D14) -> -16 | E14: =IF(COUNT('Actual'!E14)=0,"",'Planned'!E14-'Actual'!E14) | F14: =IF(COUNT('Actual'!F14)=0,"",'Planned'!F14-'Actual'!F14) | G14: =IF(COUNT('Actual'!G14)=0,"",'Planned'!G14-'Actual'!G14) | H14: =IF(COUNT('Actual'!H14)=0,"",'Planned'!H14-'Actual'!H14) | I14: =IF(COUNT('Actual'!I14)=0,"",'Planned'!I14-'Actual'!I14) | ... M14: =IF(COUNT('Actual'!M14)=0,"",'Planned'!M14-'Actual'!M14) | N14: =SUM(B14:M14) -> -66
A15: ='Planned'!A15 -> Transport | B15: =IF(COUNT('Actual'!B15)=0,"",'Planned'!B15-'Actual'!B15) -> 12 | C15: =IF(COUNT('Actual'!C15)=0,"",'Planned'!C15-'Actual'!C15) -> -11 | D15: =IF(COUNT('Actual'!D15)=0,"",'Planned'!D15-'Actual'!D15) -> 4 | E15: =IF(COUNT('Actual'!E15)=0,"",'Planned'!E15-'Actual'!E15) | F15: =IF(COUNT('Actual'!F15)=0,"",'Planned'!F15-'Actual'!F15) | G15: =IF(COUNT('Actual'!G15)=0,"",'Planned'!G15-'Actual'!G15) | H15: =IF(COUNT('Actual'!H15)=0,"",'Planned'!H15-'Actual'!H15) | I15: =IF(COUNT('Actual'!I15)=0,"",'Planned'!I15-'Actual'!I15) | ... M15: =IF(COUNT('Actual'!M15)=0,"",'Planned'!M15-'Actual'!M15) | N15: =SUM(B15:M15) -> 5
A16: ='Planned'!A16 -> Insurance | B16: =IF(COUNT('Actual'!B16)=0,"",'Planned'!B16-'Actual'!B16) -> 0 | C16: =IF(COUNT('Actual'!C16)=0,"",'Planned'!C16-'Actual'!C16) -> 0 | D16: =IF(COUNT('Actual'!D16)=0,"",'Planned'!D16-'Actual'!D16) -> 0 | E16: =IF(COUNT('Actual'!E16)=0,"",'Planned'!E16-'Actual'!E16) | F16: =IF(COUNT('Actual'!F16)=0,"",'Planned'!F16-'Actual'!F16) | G16: =IF(COUNT('Actual'!G16)=0,"",'Planned'!G16-'Actual'!G16) | H16: =IF(COUNT('Actual'!H16)=0,"",'Planned'!H16-'Actual'!H16) | I16: =IF(COUNT('Actual'!I16)=0,"",'Planned'!I16-'Actual'!I16) | ... M16: =IF(COUNT('Actual'!M16)=0,"",'Planned'!M16-'Actual'!M16) | N16: =SUM(B16:M16) -> 0
A17: ='Planned'!A17 -> Health | B17: =IF(COUNT('Actual'!B17)=0,"",'Planned'!B17-'Actual'!B17) -> 22 | C17: =IF(COUNT('Actual'!C17)=0,"",'Planned'!C17-'Actual'!C17) -> -55 | D17: =IF(COUNT('Actual'!D17)=0,"",'Planned'!D17-'Actual'!D17) -> 0 | E17: =IF(COUNT('Actual'!E17)=0,"",'Planned'!E17-'Actual'!E17) | F17: =IF(COUNT('Actual'!F17)=0,"",'Planned'!F17-'Actual'!F17) | G17: =IF(COUNT('Actual'!G17)=0,"",'Planned'!G17-'Actual'!G17) | H17: =IF(COUNT('Actual'!H17)=0,"",'Planned'!H17-'Actual'!H17) | I17: =IF(COUNT('Actual'!I17)=0,"",'Planned'!I17-'Actual'!I17) | ... M17: =IF(COUNT('Actual'!M17)=0,"",'Planned'!M17-'Actual'!M17) | N17: =SUM(B17:M17) -> -33
A18: ='Planned'!A18 -> Clothing | B18: =IF(COUNT('Actual'!B18)=0,"",'Planned'!B18-'Actual'!B18) -> -74 | C18: =IF(COUNT('Actual'!C18)=0,"",'Planned'!C18-'Actual'!C18) -> 35 | D18: =IF(COUNT('Actual'!D18)=0,"",'Planned'!D18-'Actual'!D18) -> 12 | E18: =IF(COUNT('Actual'!E18)=0,"",'Planned'!E18-'Actual'!E18) | F18: =IF(COUNT('Actual'!F18)=0,"",'Planned'!F18-'Actual'!F18) | G18: =IF(COUNT('Actual'!G18)=0,"",'Planned'!G18-'Actual'!G18) | H18: =IF(COUNT('Actual'!H18)=0,"",'Planned'!H18-'Actual'!H18) | I18: =IF(COUNT('Actual'!I18)=0,"",'Planned'!I18-'Actual'!I18) | ... M18: =IF(COUNT('Actual'!M18)=0,"",'Planned'!M18-'Actual'!M18) | N18: =SUM(B18:M18) -> -27
A19: ='Planned'!A19 -> Eating out & fun | B19: =IF(COUNT('Actual'!B19)=0,"",'Planned'!B19-'Actual'!B19) -> -28 | C19: =IF(COUNT('Actual'!C19)=0,"",'Planned'!C19-'Actual'!C19) -> 18 | D19: =IF(COUNT('Actual'!D19)=0,"",'Planned'!D19-'Actual'!D19) -> -11 | E19: =IF(COUNT('Actual'!E19)=0,"",'Planned'!E19-'Actual'!E19) | F19: =IF(COUNT('Actual'!F19)=0,"",'Planned'!F19-'Actual'!F19) | G19: =IF(COUNT('Actual'!G19)=0,"",'Planned'!G19-'Actual'!G19) | H19: =IF(COUNT('Actual'!H19)=0,"",'Planned'!H19-'Actual'!H19) | I19: =IF(COUNT('Actual'!I19)=0,"",'Planned'!I19-'Actual'!I19) | ... M19: =IF(COUNT('Actual'!M19)=0,"",'Planned'!M19-'Actual'!M19) | N19: =SUM(B19:M19) -> -21
A20: ='Planned'!A20 -> Holidays & gifts | B20: =IF(COUNT('Actual'!B20)=0,"",'Planned'!B20-'Actual'!B20) -> 25 | C20: =IF(COUNT('Actual'!C20)=0,"",'Planned'!C20-'Actual'!C20) -> -35 | D20: =IF(COUNT('Actual'!D20)=0,"",'Planned'!D20-'Actual'!D20) -> 0 | E20: =IF(COUNT('Actual'!E20)=0,"",'Planned'!E20-'Actual'!E20) | F20: =IF(COUNT('Actual'!F20)=0,"",'Planned'!F20-'Actual'!F20) | G20: =IF(COUNT('Actual'!G20)=0,"",'Planned'!G20-'Actual'!G20) | H20: =IF(COUNT('Actual'!H20)=0,"",'Planned'!H20-'Actual'!H20) | I20: =IF(COUNT('Actual'!I20)=0,"",'Planned'!I20-'Actual'!I20) | ... M20: =IF(COUNT('Actual'!M20)=0,"",'Planned'!M20-'Actual'!M20) | N20: =SUM(B20:M20) -> -10
A21: ='Planned'!A21 -> Subscriptions | B21: =IF(COUNT('Actual'!B21)=0,"",'Planned'!B21-'Actual'!B21) -> 0 | C21: =IF(COUNT('Actual'!C21)=0,"",'Planned'!C21-'Actual'!C21) -> 0 | D21: =IF(COUNT('Actual'!D21)=0,"",'Planned'!D21-'Actual'!D21) -> -12 | E21: =IF(COUNT('Actual'!E21)=0,"",'Planned'!E21-'Actual'!E21) | F21: =IF(COUNT('Actual'!F21)=0,"",'Planned'!F21-'Actual'!F21) | G21: =IF(COUNT('Actual'!G21)=0,"",'Planned'!G21-'Actual'!G21) | H21: =IF(COUNT('Actual'!H21)=0,"",'Planned'!H21-'Actual'!H21) | I21: =IF(COUNT('Actual'!I21)=0,"",'Planned'!I21-'Actual'!I21) | ... M21: =IF(COUNT('Actual'!M21)=0,"",'Planned'!M21-'Actual'!M21) | N21: =SUM(B21:M21) -> -12
A22: ='Planned'!A22 -> Debt payments | B22: =IF(COUNT('Actual'!B22)=0,"",'Planned'!B22-'Actual'!B22) -> 0 | C22: =IF(COUNT('Actual'!C22)=0,"",'Planned'!C22-'Actual'!C22) -> 0 | D22: =IF(COUNT('Actual'!D22)=0,"",'Planned'!D22-'Actual'!D22) -> 0 | E22: =IF(COUNT('Actual'!E22)=0,"",'Planned'!E22-'Actual'!E22) | F22: =IF(COUNT('Actual'!F22)=0,"",'Planned'!F22-'Actual'!F22) | G22: =IF(COUNT('Actual'!G22)=0,"",'Planned'!G22-'Actual'!G22) | H22: =IF(COUNT('Actual'!H22)=0,"",'Planned'!H22-'Actual'!H22) | I22: =IF(COUNT('Actual'!I22)=0,"",'Planned'!I22-'Actual'!I22) | ... M22: =IF(COUNT('Actual'!M22)=0,"",'Planned'!M22-'Actual'!M22) | N22: =SUM(B22:M22) -> 0
A23: ='Planned'!A23 -> Savings | B23: =IF(COUNT('Actual'!B23)=0,"",'Actual'!B23-'Planned'!B23) -> -150 | C23: =IF(COUNT('Actual'!C23)=0,"",'Actual'!C23-'Planned'!C23) -> 100 | D23: =IF(COUNT('Actual'!D23)=0,"",'Actual'!D23-'Planned'!D23) -> 0 | E23: =IF(COUNT('Actual'!E23)=0,"",'Actual'!E23-'Planned'!E23) | F23: =IF(COUNT('Actual'!F23)=0,"",'Actual'!F23-'Planned'!F23) | G23: =IF(COUNT('Actual'!G23)=0,"",'Actual'!G23-'Planned'!G23) | H23: =IF(COUNT('Actual'!H23)=0,"",'Actual'!H23-'Planned'!H23) | I23: =IF(COUNT('Actual'!I23)=0,"",'Actual'!I23-'Planned'!I23) | ... M23: =IF(COUNT('Actual'!M23)=0,"",'Actual'!M23-'Planned'!M23) | N23: =SUM(B23:M23) -> -50
A24: ='Planned'!A24 -> Other | B24: =IF(COUNT('Actual'!B24)=0,"",'Planned'!B24-'Actual'!B24) -> -25 | C24: =IF(COUNT('Actual'!C24)=0,"",'Planned'!C24-'Actual'!C24) -> 20 | D24: =IF(COUNT('Actual'!D24)=0,"",'Planned'!D24-'Actual'!D24) -> -12 | E24: =IF(COUNT('Actual'!E24)=0,"",'Planned'!E24-'Actual'!E24) | F24: =IF(COUNT('Actual'!F24)=0,"",'Planned'!F24-'Actual'!F24) | G24: =IF(COUNT('Actual'!G24)=0,"",'Planned'!G24-'Actual'!G24) | H24: =IF(COUNT('Actual'!H24)=0,"",'Planned'!H24-'Actual'!H24) | I24: =IF(COUNT('Actual'!I24)=0,"",'Planned'!I24-'Actual'!I24) | ... M24: =IF(COUNT('Actual'!M24)=0,"",'Planned'!M24-'Actual'!M24) | N24: =SUM(B24:M24) -> -17
A25: Total expenses | B25: =IF('Actual'!B25="","",'Planned'!B25-'Actual'!B25) -> -16 | C25: =IF('Actual'!C25="","",'Planned'!C25-'Actual'!C25) -> -137 | D25: =IF('Actual'!D25="","",'Planned'!D25-'Actual'!D25) -> -40 | E25: =IF('Actual'!E25="","",'Planned'!E25-'Actual'!E25) | F25: =IF('Actual'!F25="","",'Planned'!F25-'Actual'!F25) | G25: =IF('Actual'!G25="","",'Planned'!G25-'Actual'!G25) | H25: =IF('Actual'!H25="","",'Planned'!H25-'Actual'!H25) | I25: =IF('Actual'!I25="","",'Planned'!I25-'Actual'!I25) | ... M25: =IF('Actual'!M25="","",'Planned'!M25-'Actual'!M25) | N25: =SUM(B25:M25) -> -193
A27: Remaining (income − expenses) | B27: =IF('Actual'!B27="","",'Actual'!B27-'Planned'!B27) -> -16 | C27: =IF('Actual'!C27="","",'Actual'!C27-'Planned'!C27) -> 213 | D27: =IF('Actual'!D27="","",'Actual'!D27-'Planned'!D27) -> -40 | E27: =IF('Actual'!E27="","",'Actual'!E27-'Planned'!E27) | F27: =IF('Actual'!F27="","",'Actual'!F27-'Planned'!F27) | G27: =IF('Actual'!G27="","",'Actual'!G27-'Planned'!G27) | H27: =IF('Actual'!H27="","",'Actual'!H27-'Planned'!H27) | I27: =IF('Actual'!I27="","",'Actual'!I27-'Planned'!I27) | ... M27: =IF('Actual'!M27="","",'Actual'!M27-'Planned'!M27) | N27: =SUM(B27:M27) -> 157
A28: Saved (savings + remaining) | B28: =IF('Actual'!B28="","",'Actual'!B28-'Planned'!B28) -> -166 | C28: =IF('Actual'!C28="","",'Actual'!C28-'Planned'!C28) -> 313 | D28: =IF('Actual'!D28="","",'Actual'!D28-'Planned'!D28) -> -40 | E28: =IF('Actual'!E28="","",'Actual'!E28-'Planned'!E28) | F28: =IF('Actual'!F28="","",'Actual'!F28-'Planned'!F28) | G28: =IF('Actual'!G28="","",'Actual'!G28-'Planned'!G28) | H28: =IF('Actual'!H28="","",'Actual'!H28-'Planned'!H28) | I28: =IF('Actual'!I28="","",'Actual'!I28-'Planned'!I28) | ... M28: =IF('Actual'!M28="","",'Actual'!M28-'Planned'!M28) | N28: =SUM(B28:M28) -> 107
A29: Savings rate (points) | B29: =IF(N('Actual'!B8)=0,"",'Actual'!B29-'Planned'!B29) -> -0.051875 | C29: =IF(N('Actual'!C8)=0,"",'Actual'!C29-'Planned'!C29) -> 0.073996479 | D29: =IF(N('Actual'!D8)=0,"",'Actual'!D29-'Planned'!D29) -> -0.0125 | E29: =IF(N('Actual'!E8)=0,"",'Actual'!E29-'Planned'!E29) | F29: =IF(N('Actual'!F8)=0,"",'Actual'!F29-'Planned'!F29) | G29: =IF(N('Actual'!G8)=0,"",'Actual'!G29-'Planned'!G29) | H29: =IF(N('Actual'!H8)=0,"",'Actual'!H29-'Planned'!H29) | I29: =IF(N('Actual'!I8)=0,"",'Actual'!I29-'Planned'!I29) | ... M29: =IF(N('Actual'!M8)=0,"",'Actual'!M29-'Planned'!M29)

Sheet How to use
A1: Monthly Budget Planner — How to use
A3: 1. Planned sheet: at the start of the year, type the income you expect and the spending you plan for each month into the yellow cells. Put seasonal costs (heating, holidays, annual insurance, gifts) in the month they actually fall.
A4: 2. Actual sheet: at the end of each month, type what you really earned and spent in the same rows. Months you leave empty do not count towards averages or the Difference sheet.
A5: 3. Difference sheet: nothing to type. Red (minus) cells are rows where you went over plan; green (plus) cells went your way.
A6: 4. Savings rate = (Savings + Remaining) / Total income. Around 20% is a healthy target; any positive number is a start.
A7: 5. To rename a category, change it on the Planned sheet only; the other sheets read the names from there. The three sheets match row by row, so do not insert or delete rows in just one of them. Put anything extra under Other.
A9: The formulas work in Excel, Google Sheets, LibreOffice and Numbers. If your Excel uses a comma as decimal separator, formulas are displayed with semicolons (;). That is normal.
A10: To log spending from your phone with a receipt photo or your voice: the Personal Accounting app, personalaccounting.app
